 Dungeon Crawl Stone Soup version 0.26-a0-660-gc07710193c (webtiles) character file.

Game seed: 3119224787368702232

74585 lunkers the Warrior (level 15, -9/154 HPs)
             Began as a Kobold Artificer on Oct 5, 2020.
             Was an Elder of Uskayaw.
             Mangled by Saint Roka
             ... wielding a +0 war axe
              (24 damage)
             ... on level 1 of the Orcish Mines.
             The game lasted 00:40:18 (28368 turns).

lunkers the Warrior (Kobold Artificer)             Turns: 28368, Time: 00:40:19

Health: -9/154     AC: 28    Str: 10    XL:     15   Next: 94%
Magic:  25/25      EV: 20    Int:  9    God:    Uskayaw [****..]
Gold:   1261       SH:  8    Dex: 28    Spells: 14/14 levels left

rFire    + . .     SeeInvis .   a - +7 short sword (protect)
rCold    . . .     Faith    .   K - +0 buckler
rNeg     . . .     Spirit   .   o - +7 scale mail "Honom" {rElec MR- Dex+6 Stlth+}
rPois    .         Reflect  .   s - +2 hat
rElec    +         Harm     .   M - +0 cloak
rCorr    .         Rampage  .   r - +1 pair of gloves
MR       +++..     Rnd*Rage +   L - +0 pair of boots
Stlth    ..........             h - necklace of Bloodlust {*Rage +Rage MR++ Int-3 Slay+6 *Curse} (curse)
HPRegen  0.35/turn              v - +4 ring of slaying
MPRegen  0.19/turn              E - ring of Vuxor {rF+ MR+ Stlth+}

@: berserking, protection aura, very quick
A: small, nightstalker 3
a: Stomp, Line Pass, Renounce Religion, Evoke Berserk Rage


You were on level 1 of the Orcish Mines.
You worshipped Uskayaw.
Uskayaw was pleased with you.
You visited 4 branches of the dungeon, and saw 21 of its levels.
You also visited: Volcano.

You collected 2388 gold pieces.
You spent 1127 gold pieces at shops.

Inventory:

Hand Weapons
 a - a +7 short sword of protection (weapon)
Missiles
 N - a throwing net {=f}
 Z - 6 curare-tipped darts {=f}
Armour
 o - the +7 scale mail "Honom" (worn) {rElec MR- Dex+6 Stlth+}
   (You found it on level 1 of the Lair of Beasts)

   It affects your dexterity (+6).
   It insulates you from electricity.
   It affects your resistance to hostile enchantments.
   It makes you more stealthy.
 r - a +1 pair of gloves (worn)
 s - a +2 hat (worn)
 K - a +0 buckler (worn)
 L - a +0 pair of boots (worn)
 M - a +0 cloak (worn)
Jewellery
 h - the cursed necklace of Bloodlust (around neck) {*Rage +Rage MR++ Int-3 Slay+6 *Curse}
   (You bought it in a shop on level 6 of the Dungeon)

   [amulet of nothing]

   It affects your intelligence (-3).
   It affects your accuracy and damage with ranged weapons and melee attacks
   (+6).
   It affects your resistance to hostile enchantments.
   It lets you go berserk.
   It may make you go berserk in combat.
   It curses itself when equipped.
   It has a curse placed upon it.
 t - an uncursed ring of flight
 v - a +4 ring of slaying (left hand)
 w - an uncursed ring of positive energy
 y - an uncursed amulet of faith
 E - the ring of Vuxor (right hand) {rF+ MR+ Stlth+}
   (You bought it in a shop on level 6 of the Dungeon)

   [ring of protection from fire]

   It protects you from fire.
   It affects your resistance to hostile enchantments.
   It makes you more stealthy.
 G - an uncursed ring of protection from cold
 V - an uncursed ring of see invisible
Wands
 c - a wand of flame (34)
 d - a wand of enslavement (14)
 C - a wand of polymorph (9)
 F - a wand of disintegration (17)
 J - a wand of digging (6)
 Q - a wand of iceblast (23)
 T - a wand of acid (7)
 Y - a wand of paralysis (11)
Scrolls
 e - a scroll of blinking
 f - 7 scrolls of enchant weapon
 j - 3 scrolls of enchant armour
 n - a scroll of identify
 p - 9 scrolls of teleportation
 u - 3 scrolls of magic mapping
 x - a scroll of amnesia
 D - 11 scrolls of remove curse
Potions
 b - 3 potions of heal wounds
 g - 4 potions of might
 i - 2 potions of brilliance
 k - 7 potions of curing
 l - 9 potions of haste
 m - a potion of mutation
 q - 3 potions of stabbing
 z - 3 potions of invisibility
 A - 4 potions of berserk rage
 B - 2 potions of ambrosia
 I - 7 potions of lignification
 O - a potion of flight
 P - a potion of resistance
Miscellaneous
 R - a tin of tremorstones (3/3)
 X - a box of beasts (3/3)


   Skills:
 + Level 15.1 Fighting
 - Level 12.0 Short Blades
 + Level 5.2 Armour
 + Level 11.5 Dodging
 - Level 12.0 Stealth
 - Level 5.6 Shields
 + Level 14.5 Invocations
 - Level 6.0 Evocations


You had 14 spell levels left.
You didn't know any spells.
Your spell library contained the following spells:

 Spells                   Type           Power        Failure   Level
 Apportation              Tloc           #.....       93%         1
 Magic Dart               Conj           #...         93%         1
 Sting                    Tmut/Pois      #...         93%         1
 Summon Small Mammal      Summ           #...         93%         1
 Blink                    Tloc           N/A          98%         2
 Call Imp                 Summ           #.......     98%         2
 Poisonous Vapours        Pois/Air       #.....       98%         2
 Searing Ray              Conj           #.....       98%         2
 Slow                     Hex            #.......     98%         2
 Call Canine Familiar     Summ           #.......     100%        3
 Confusing Touch          Hex            #.......     100%        3
 Conjure Flame            Conj/Fire      #.......     100%        3
 Dazzling Flash           Conj/Hex       #.....       100%        3
 Gell's Gravitas          Tloc           #.........   100%        3
 Ignite Poison            Fire/Tmut/Pois #.......     100%        3
 Lesser Beckoning         Tloc           #.........   100%        3
 Mephitic Cloud           Conj/Pois/Air  #.......     100%        3
 Summon Guardian Golem    Hex/Summ       #.......     100%        3
 Tukima's Dance           Hex            #.......     100%        3
 Fulminant Prism          Conj/Hex       #.........   100%        4
 Iskenderun's Mystic Bla  Conj/Tloc      #.......     100%        4
 Olgreb's Toxic Radiance  Pois           #.......     100%        4
 Petrify                  Tmut/Erth      #.......     100%        4
 Summon Ice Beast         Ice/Summ       #.......     100%        4
 Summon Lightning Spire   Summ/Air       #.......     100%        4
 Alistair's Intoxication  Tmut/Pois      #........    100%        5
 Metabolic Englaciation   Hex/Ice        #.........   100%        5
 Yara's Violent Unravell  Hex/Tmut       #.........   100%        5
 Invisibility             Hex            #.......     100%        6


Dungeon Overview and Level Annotations

Branches:
Dungeon (12/15)            Temple (1/1) D:5            Lair (6/6) D:11
  Swamp (0/4) Lair:3       Spider (0/4) Lair:2        Slime (0/5) Lair:6
    Orc (2/2) D:12            Elf (0/3) Orc:2       Volcano (visited)

Altars:
Ashenzari
Cheibriados
Dithmenos
Elyvilon
Fedhas
Gozag
Hepliaklqana
Kikubaaqudgha
Makhleb
Nemelex Xobeh
Okawaru
Qazlal
Ru
Sif Muna
Trog
Uskayaw
Vehumet
Wu Jian
Xom
Yredelemnul
Zin
The Shining One
Beogh

Shops:
D:6 *=   D:8 =

Annotations:
D:5 2 runed translucent doors
Lair:2 2 transporters, Ryanivupn's ghost, journeyman GnWn
Lair:3 1 runed translucent door, felt's ghost, journeyman OgFE
Orc:1 Saint Roka


Innate Abilities, Weirdness & Mutations

You are small and have problems with some larger weapons.
You are completely attuned to the shadows.


Message History

Unknown command.
Unknown command.
Unknown command.
Your scale mail "Honom" prevents you from hitting Saint Roka.
Saint Roka is almost dead.
Unknown command.
Unknown command.
Unknown command.
Unknown command.
Unknown command.
Unknown command.
You hit Saint Roka.
Saint Roka is almost dead.
Unknown command.
Unknown command.
Unknown command.
You puncture Saint Roka!
Saint Roka is almost dead.
Saint Roka hits you with a +0 war axe!!
You die...

.#..#....#....####..........#
#....#..##...##.###.#......##
.#......#....#...#.#........##
.##...........#..............#
.....#.........#............##
......................##....##
#.#..................#.......#
####............o........#..##
##...........@.......#.##.##
##.#.#......[.............##
####.............#....#...#
##...................##.##
#....#...................#
##...#.............##....##
#..........#.....).)#...##
##........#...#..[))##...#
##.#................####.##


You could see Saint Roka.

Vanquished Creatures
  Rupert (Lair:5)
  Donald (Orc:2)
  Azrael (Orc:2)
  Erolcha (Orc:2)
  Fannar (D:11)
  3 boulder beetles
  8 hydras
  A catoblepas (Lair:2)
  2 two-headed ogres
  2 death yaks (Lair:3)
  Urug (Orc:2)
  Sonja (Lair:5)
  2 skeletal warriors (Volcano)
  Pikel (D:5)
  2 orc knights (Orc:1)
  An orc sorcerer (Orc:1)
  2 ugly things
  2 cyclopes
  4 black mambas
  5 elephants
  4 gargoyles
  2 torpor snails (Lair:3)
  35 cane toads
  8 komodo dragons
  A rime drake (Lair:4)
  A polar bear (Lair:1)
  4 trolls
  5 tyrant leeches (Lair:6)
  2 harpy skeletons (Volcano)
  36 blink frogs
  2 bog bodies (Lair:3)
  11 dream sheep
  3 slime creatures (D:12)
  2 flying skulls (Volcano)
  2 redbacks (Lair:2)
  59 yaks
  2 wraiths
  An alligator skeleton (Volcano)
  6 wyverns
  A basilisk (Lair:2)
  2 fire elementals (Orc:1)
  A steam dragon (Lair:4)
  6 vampire mosquitoes (Lair:6)
  Edmund (D:5)
  A warg (Orc:2)
  Duvessa (D:4)
  11 water moccasins
  2 hell hounds (Orc:2)
  2 ice beasts
  A sky beast (D:11)
  17 orc warriors
  3 black bears
  3 phantoms
  17 ogres
  3 wolves (Lair:1)
  5 centaurs
  A lemure (D:5)
  A big kobold (D:12)
  A gnoll sergeant (D:9)
  24 bullfrogs
  Dowan (D:4)
  A scorpion (D:10)
  15 killer bees
  12 wights
  A troll skeleton (Volcano)
  3 howler monkeys
  A spriggan skeleton (Volcano)
  4 electric eels
  7 hounds
  15 jellies
  A bullfrog skeleton (D:10)
  2 centaur skeletons
  A gnoll shaman (D:7)
  21 orc priests
  An iguana (D:3)
  Ijyb (D:5)
  19 orc wizards
  9 worker ants
  Terence (D:3)
  2 hound zombies
  A hound skeleton (D:10)
  A howler monkey zombie (D:6)
  9 gnolls
  11 adders
  4 white imps
  4 ufetubi
  3 oozes
  An adder zombie (D:7)
  2 adder skeletons
  2 worms
  4 leopard geckos
  88 orcs
  3 ball pythons
  7 bats
  5 giant cockroaches
  11 goblins
  4 hobgoblins
  17 jackals
  5 quokkas
  A frilled lizard (D:2)
  10 kobolds
  A quokka skeleton (D:6)
  3 rats (D:1)
  A spectral orc (D:6)
648 creatures vanquished.

Vanquished Creatures (collateral kills)
  A jackal (D:1)
1 creature vanquished.

Vanquished Creatures (others)
  A flying skull (Volcano)
  A jackal (D:1)
  A kobold (D:12)
  41 fungi
  142 plants
186 creatures vanquished.

Grand Total: 835 creatures vanquished

Notes
Turn   | Place    | Note
-------+----------+-------------------------------------------
     0 | D:1      | lunkers the Kobold Artificer began the quest for the Orb.
     0 | D:1      | Reached XP level 1. HP: 12/12 MP: 1/1
   314 | D:1      | Reached XP level 2. HP: 3/16 MP: 2/2
  1456 | D:1      | Reached skill level 1 in Short Blades
  1456 | D:1      | Reached XP level 3. HP: 21/21 MP: 3/3
  1899 | D:2      | Reached skill level 2 in Fighting
  2325 | D:2      | Reached XP level 4. HP: 26/26 MP: 4/4
  3093 | D:2      | Found a faded altar of an unknown god.
  3260 | D:3      | Noticed Terence
  3292 | D:3      | Killed Terence
  3462 | D:3      | Found a hazy altar of Hepliaklqana.
  3463 | D:3      | Found a shimmering altar of Xom.
  3464 | D:3      | Noticed a spectral ugly thing
  3499 | D:3      | Reached XP level 5. HP: 18/31 MP: 5/5
  3999 | D:3      | Found a blossoming altar of Fedhas.
  4036 | D:3      | Reached XP level 6. HP: 26/36 MP: 6/6
  4257 | D:4      | Noticed an ogre
  4524 | D:4      | Noticed a phantom
  4552 | D:3      | Reached skill level 3 in Fighting
  4760 | D:4      | Killed an ogre
  4760 | D:4      | Reached skill level 5 in Evocations
  5039 | D:4      | Killed a phantom
  5039 | D:4      | Reached skill level 5 in Short Blades
  5039 | D:4      | Reached XP level 7. HP: 17/41 MP: 7/7
  5769 | D:4      | Reached skill level 5 in Stealth
  6027 | D:4      | Noticed Duvessa
  6034 | D:4      | Noticed Dowan
  6057 | D:4      | Killed Duvessa
  6057 | D:4      | Reached skill level 4 in Fighting
  6071 | D:4      | Killed Dowan
  6414 | D:4      | Reached XP level 8. HP: 48/48 MP: 8/8
  6791 | D:5      | Entered Level 5 of the Dungeon
  6903 | D:5      | Found a staircase to the Ecumenical Temple.
  7014 | Temple   | Entered the Ecumenical Temple
  7149 | Temple   | Became a worshipper of Uskayaw the Reveler
  7259 | D:5      | Reached * piety under Uskayaw
  7273 | D:5      | Reached ** piety under Uskayaw
  7324 | D:5      | Reached skill level 1 in Invocations
  7501 | D:5      | Reached *** piety under Uskayaw
  7616 | D:5      | Found a large runed translucent door.
  7616 | D:5      | Found a large runed translucent door.
  7633 | D:5      | Found an iron altar of Okawaru.
  7666 | D:5      | Noticed Edmund
  7671 | D:5      | Killed Edmund
  7671 | D:5      | Reached skill level 5 in Fighting
  7754 | D:5      | Found a broken altar of Ashenzari.
  7784 | D:5      | Reached XP level 9. HP: 31/54 MP: 10/10
  8173 | D:5      | Noticed Pikel
  8191 | D:5      | Killed Pikel
  8277 | D:5      | Noticed Ijyb
  8283 | D:5      | Killed Ijyb
  8476 | D:5      | Found a bloodstained altar of Trog.
  8687 | D:6      | Reached skill level 6 in Fighting
  8695 | D:6      | Found Ekhlyifa's Jewellery Shop.
  9048 | D:6      | Found Buase's General Store.
  9282 | D:6      | Found a basalt altar of Yredelemnul.
  9493 | D:6      | Found a shimmering blue altar of Sif Muna.
  9785 | D:7      | Reached **** piety under Uskayaw
  9880 | D:7      | Found a runed translucent door.
  9927 | D:7      | Reached ***** piety under Uskayaw
 10088 | D:7      | Found a glowing golden altar of the Shining One.
 10111 | D:7      | Reached skill level 10 in Short Blades
 10124 | D:7      | Reached XP level 10. HP: 42/61 MP: 13/13
 10124 | D:7      | Reached ****** piety under Uskayaw
 10267 | D:7      | Got a spiked helmet
 10279 | D:7      | Identified the +0 helmet "Kiupsuv" {rN+++ MP-9 Str+8 Int-5}
                  | (You found it on level 7 of the Dungeon)
 10937 | D:8      | Found a snail-covered altar of Cheibriados.
 11354 | D:8      | Found Osmot's Jewellery Boutique.
 11556 | D:9      | Found a radiant altar of Vehumet.
 11965 | D:9      | Found an opulent altar of Gozag.
 12112 | D:9      | Reached skill level 7 in Fighting
 12112 | D:9      | Reached skill level 5 in Invocations
 12436 | D:9      | Found a sparkling altar of Nemelex Xobeh.
 12440 | D:9      | Found a shadowy altar of Dithmenos.
 12520 | D:9      | Got a masterwork kite shield
 12709 | D:9      | Identified the cursed +0 kite shield of the Shining Light
                  | {rF- MP+9 SInv} (You found it on level 9 of the Dungeon)
 12822 | D:6      | Bought the cursed necklace of Bloodlust {*Rage +Rage MR++
                  | Int-3 Slay+6 *Curse} for 562 gold pieces
 12822 | D:6      | Found the cursed necklace of Bloodlust {*Rage +Rage MR++
                  | Int-3 Slay+6 *Curse}
 12957 | D:10     | Entered Level 10 of the Dungeon
 13269 | D:10     | Noticed a two-headed ogre
 13304 | D:10     | Killed a two-headed ogre
 13637 | D:11     | Reached skill level 10 in Stealth
 13654 | D:11     | Reached skill level 8 in Fighting
 13657 | D:11     | Reached XP level 11. HP: 38/68 MP: 15/15
 13898 | D:11     | Found a staircase to the Lair.
 13931 | D:11     | Noticed a brown ugly thing
 13935 | D:11     | Killed a brown ugly thing
 14429 | D:11     | Noticed a cyclops
 14440 | D:11     | Reached skill level 9 in Fighting
 14457 | D:11     | Killed a cyclops
 14532 | D:11     | Noticed Fannar
 15047 | D:11     | Killed Fannar
 15357 | Lair:1   | Entered Level 1 of the Lair of Beasts
 15392 | Lair:1   | Got a steaming scale mail
 15441 | D:11     | Identified the +7 scale mail "Honom" {rElec MR- Dex+6
                  | Stlth+} (You found it on level 1 of the Lair of Beasts)
 15503 | Lair:1   | Reached skill level 10 in Fighting
 15503 | Lair:1   | Reached XP level 12. HP: 77/77 MP: 18/18
 15716 | Lair:1   | Reached skill level 1 in Armour
 15973 | Lair:1   | Reached skill level 5 in Dodging
 16870 | Lair:2   | Found a hole to the Spider Nest.
 16889 | Lair:2   | Reached skill level 1 in Shields
 17023 | Lair:2   | Noticed a catoblepas
 17027 | Lair:2   | Killed a catoblepas
 17062 | Lair:2   | Found a transporter.
 17063 | Lair:2   | Noticed a five-headed hydra
 17234 | Lair:2   | Noticed a six-headed hydra
 17244 | Lair:2   | Noticed Ryanivupn's ghost (journeyman GnWn)
 17247 | Lair:2   | Found a transporter.
 17564 | Lair:3   | Noticed a seven-headed hydra
 17567 | Lair:3   | Killed a seven-headed hydra
 17668 | Lair:3   | Reached skill level 11 in Fighting
 17668 | Lair:3   | Reached XP level 13. HP: 84/84 MP: 20/20
 17773 | Lair:3   | Noticed an eight-headed hydra
 17794 | Lair:3   | Killed an eight-headed hydra
 17794 | Lair:3   | Reached skill level 10 in Invocations
 17970 | Lair:3   | Reached skill level 5 in Shields
 18016 | Lair:3   | Found a dark tunnel.
 18020 | Volcano  | Entered a volcano
 18800 | Lair:3   | Found a staircase to the Swamp.
 18920 | Lair:3   | Found a runed translucent door.
 19166 | Lair:3   | Noticed a four-headed hydra
 19173 | Lair:3   | Killed a four-headed hydra
 19423 | Lair:3   | Noticed felt's ghost (journeyman OgFE)
 19567 | Lair:4   | Reached skill level 12 in Fighting
 20299 | Lair:5   | Noticed Rupert
 20314 | Lair:5   | Killed Rupert
 20314 | Lair:5   | Reached XP level 14. HP: 92/92 MP: 22/22
 20455 | Lair:5   | Noticed Sonja
 20459 | Lair:5   | Killed Sonja
 20514 | Lair:5   | Reached skill level 10 in Dodging
 20836 | Lair:5   | Reached skill level 13 in Fighting
 21608 | Lair:6   | Entered Level 6 of the Lair of Beasts
 22135 | Lair:6   | Reached skill level 14 in Fighting
 22216 | Lair:6   | Reached XP level 15. HP: 84/100 MP: 25/25
 23799 | Lair:6   | Found a staircase to the Slime Pits.
 24287 | D:6      | Bought the ring of Vuxor {rF+ MR+ Stlth+} for 565 gold
                  | pieces
 24678 | D:7      | Found a roughly hewn altar of Beogh.
 25302 | D:12     | Found a staircase to the Orcish Mines.
 26195 | D:12     | Identified a scroll of acquirement
 26197 | D:12     | Acquired 694 gold pieces
 26228 | Orc:1    | Entered Level 1 of the Orcish Mines
 26775 | Orc:2    | Entered Level 2 of the Orcish Mines
 26991 | Orc:2    | Noticed Urug
 27044 | Orc:2    | Killed Urug
 27128 | Orc:2    | Noticed Donald
 27143 | Orc:2    | Killed Donald
 27143 | Orc:2    | Reached skill level 15 in Fighting
 27310 | Orc:2    | Found a staircase to the Elven Halls.
 27319 | Orc:2    | Noticed Erolcha
 27323 | Orc:2    | Killed Erolcha
 27404 | Orc:2    | Reached skill level 5 in Armour
 27419 | Orc:2    | Noticed Azrael
 27664 | Orc:2    | Killed Azrael
 27718 | Orc:2    | Noticed Saint Roka
 28368 | Orc:1    | Mangled by Saint Roka

Illustrated notes

Levels and vault maps discovered:
D:1:      onia_arrival_mini_spirals, layout_basic, st_stairs_6,
          columned_hall_lemuel, hangedman_decor_push, minmay_tree_intersection
D:2:      layout_rooms, chequers_ecumenical_altar_grove
D:3:      layout_loops_ring, regret_index_temple_of_mockery, fedhas_altar_2,
          uniq_terence
D:4:      layout_loops_ring, hex_large, hangedman_feature_mirror, uniq_duvessa
D:5:      layout_basic, kennysheep_little_box, nicolae_overflow_crystal_walls,
          bloody_trog, lemuel_temple_firewalk_b, serial_rivers,
          chequers_serial_rivers_micro_c, chequers_serial_rivers_micro_c,
          chequers_serial_rivers_large_b, chequers_serial_rivers_small_a,
          chequers_serial_rivers_micro_c, ebering_ghost_disaster_area,
          uniq_pikel, uniq_edmund, uniq_ijyb
D:6:      layout_gridville, led_sif_pool, yredelemnul_forgotten_temple_becter,
          serial_shops, shop, nicolae_shop_trees
D:7:      layout_cave_pools, lemuel_crystal_altar, lightli_church_of_beogh
D:8:      layout_basic, kennysheep_mini, serial_shops,
          nicolae_shop_competitors_out_of_business, nicolae_lava_and_water
D:9:      layout_stronghold, kennysheep_mini_moat, lemuel_crystal_altar,
          minitemple
D:10:     layout_cross, serial_gnoll_camp
D:11:     layout_irregular_city, david_lair_shrubbed,
          chequers_serial_rivers_room_b, uniq_fannar
D:12:     layout_roguey, erik_orc_4
Temple:   nicolae_temple_figure_zero
Lair:1:   wad_woods_pond, layout_regular_city, st_stairs_10,
          serial_bayou_shore_a
Lair:2:   layout_loops_ring, spider_nest_entry_webs, gammafunk_ghost_arena,
          nicolae_quartered_pool_super, lemuel_fruit_tree
Lair:3:   layout_misc_corridors, skrybe_swamp_entry_bodies,
          ebering_ghost_funeral_grove, nicolae_volcano_entry_lava_flow,
          minmay_shattered_shrine, grunt_megastairs_3
Lair:4:   layout_regular_city, chequers_serial_rivers_room_a
Lair:5:   layout_gridlike, uniq_sonja, uniq_rupert
Lair:6:   minmay_lair_end_frog_pond, layout_misc_corridors,
          minmay_slime_entry_jelly_boxes, serial_bayou_shore_b
Orc:1:    layout_caves, lightli_orcish_oven
Orc:2:    st_orc_open, layout_diamond_mine, uniq_saint_roka, uniq_urug,
          uniq_donald, uniq_erolcha, uniq_azrael

Skill      XL: |  1  2  3  4  5  6  7  8  9 10 11 12 13 14 15 |
---------------+----------------------------------------------+-----
Stealth        | 2 3 4 5 6 8 10 12 | 12.0
Evocations     | 4 5 6 |  6.0
Short Blades   | 1 2 3 5 6 8 10 12 | 12.0
Fighting       | 2 3 4 5 6 8 10 11 12 14 15 | 15.1
Invocations    | 2 4 6 8 9 11 13 14 | 14.5
Dodging        | 4 6 9 10 11 | 11.5
Armour         | 3 5 |  5.2
Shields        | 4 5 |  5.6

Action                   |  1- 3 |  4- 6 |  7- 9 | 10-12 | 13-15 || total
-------------------------+-------+-------+-------+-------+-------++-------
Melee: Club              |    12 |       |       |       |       ||    12
       Dagger            |    98 |   278 |    64 |       |       ||   440
       Short sword       |       |       |   203 |   377 |  1036 ||  1616
Throw: Throwing net      |       |       |       |     1 |       ||     1
 Abil: Evoke Berserk Rag |       |       |       |     1 |     2 ||     3
Evoke: Wand              |     2 |    15 |    11 |       |       ||    28
  Use: Scroll            |       |     1 |     7 |    17 |     7 ||    32
       Potion            |       |       |     1 |       |       ||     1
 Stab: Sleeping          |     9 |    11 |    14 |    35 |    45 ||   114
       Paralysed         |       |       |     5 |    36 |    57 ||    98
       Distracted        |       |       |     1 |     4 |    14 ||    19
Armor: Leather armour    |     3 |       |       |       |       ||     3
       Ring mail         |    38 |    85 |    50 |    58 |       ||   231
       Scale mail        |       |       |       |    20 |   173 ||   193
Dodge: Dodged            |    98 |   209 |   127 |   131 |   420 ||   985
Block: Buckler           |       |       |       |    20 |   237 ||   257

Table legend: (Time is in decaauts)
 A = Elapsed time spent in this place.
 B = Non-inter-level travel time spent in this place.
 C = Inter-level travel time spent in this place.
 D = Time resting spent in this place.
 E = Time spent auto-exploring this place.
 F = Levels seen in this place.
 G = Mean time per level.
                   A        B        C        D        E       F      G
               +--------+--------+--------+--------+--------+-----+--------+
         Total |  28070 |  26760 |   1310 |   2579 |  20293 |  22 | 1275.9 |
       Dungeon |  17113 |  16031 |   1082 |   1349 |  12468 |  12 | 1426.1 |
        Temple |    145 |    135 |     10 |      0 |    115 |   1 |  145.0 |
          Lair |   8203 |   8013 |    190 |    342 |   6502 |   6 | 1367.2 |
  Orcish Mines |   2097 |   2070 |     27 |    867 |    864 |   2 | 1048.5 |
       Volcano |    509 |    509 |      0 |     20 |    342 |   1 |  509.0 |
               +--------+--------+--------+--------+--------+-----+--------+

Top non-repeatable levels by time:
  Lair:6: 2287 daAuts
     D:3: 2075 daAuts
     D:1: 1834 daAuts
     D:5: 1772 daAuts
    D:11: 1702 daAuts
     D:4: 1558 daAuts
   Orc:1: 1555 daAuts
  Lair:5: 1503 daAuts
  Lair:1: 1423 daAuts
  Lair:3: 1387 daAuts
     D:9: 1348 daAuts
    D:12: 1308 daAuts
     D:2: 1291 daAuts
     D:6: 1280 daAuts
     D:7: 1228 daAuts
